 Dungeon Crawl Stone Soup version 0.29-a0-321-gf1c400731a (webtiles) character file.

Game seed: 2103438921487096473

365882 wakim the Wrestler (level 21, -32/208 (222) HPs)
             Began as a Troll Fighter on Apr 3, 2022.
             Was the Champion of Qazlal.
             Killed from afar by a tengu reaver (47 damage)
             ... with a bolt of acid
             ... led by Sojobo
             ... on level 4 of the Vaults.
             The game lasted 02:21:40 (45071 turns).

wakim the Wrestler (Troll Fighter)                 Turns: 45071, Time: 02:21:40

HP:   -32/208 (222) AC: 36    Str: 39    XL:     21   Next: 59%
MP:   23/30         EV:  4    Int:  6    God:    Qazlal [******]
Gold: 1795          SH: 30    Dex: 12    Spells: 20/20 levels left

rFire   + . .      SeeInvis .     - Unarmed
rCold   + . .      Faith    .   M - +1 tower shield {AC+3}
rNeg    . . .      Spirit   .   j - +2 gold dragon scales
rPois   +          Reflect  +   f - +2 hat
rElec   .          Harm     .   d - +1 cloak of Catatonia {Str+3 Dex+3 Slay+2}
rCorr   .          Rampage  .   (gloves unavailable)
Will    ++...                   (boots unavailable)
Stlth   ..........              y - amulet of reflection
HPRegen 1.24/turn               K - ring of willpower
MPRegen 0.22/turn               q - +4 ring of protection

@: about to teleport, protected from physical damage, drained, repel missiles
A: large, unfitting armour, claws 3, regeneration 1, shaggy fur 1, tough skin 1
}: 2/15 runes: serpentine, barnacled
a: Renounce Religion, Upheaval, Elemental Force, Disaster Area


You were on level 4 of the Vaults.
You worshipped Qazlal.
Qazlal was exalted by your worship.
You visited 8 branches of the dungeon, and saw 38 of its levels.
You also visited: Ice Cave and Desolation.

You collected 3999 gold pieces.
You spent 2204 gold pieces at shops.

Inventory:

Missiles
 c - 31 boomerangs (quivered)
 g - 8 boomerangs of dispersal {=f!f}
 h - 17 javelins
 k - 8 throwing nets {=f!f}
 r - 8 silver javelins
 Q - 69 large rocks {=f}
 V - 3 curare-tipped darts {=f}
Armour
 d - the +1 cloak of Catatonia (worn) {Str+3 Dex+3 Slay+2}
   (You bought it in a shop on level 3 of the Shoals)

   Str:       It affects your strength (+3).
   Dex:       It affects your dexterity (+3).
   Slay:      It affects your accuracy & damage with ranged weapons and melee
   (+2).
 f - a +2 hat (worn)
 j - +2 gold dragon scales (worn)
 u - a +2 kite shield of cold resistance
 M - a +1 tower shield of protection (worn)
Jewellery
 n - a ring of see invisible
 o - a ring of protection from cold
 p - a ring of willpower
 q - a +4 ring of protection (right claw)
 s - a +4 ring of evasion
 x - a ring of protection from fire
 y - an amulet of reflection (around neck)
 D - a ring of flight
 K - a ring of willpower (left claw)
Wands
 a - a wand of acid (17)
 t - a wand of digging (28)
 v - a wand of flame (33)
 z - a wand of polymorph (15)
 P - a wand of iceblast (25)
Scrolls
 R - 4 scrolls of magic mapping {!r}
 S - 5 scrolls of summoning
 T - 17 scrolls of teleportation
 U - 4 scrolls of fear
 W - 5 scrolls of holy word
 X - 5 scrolls of fog
 Y - 5 scrolls of blinking {!r}
 Z - 2 scrolls of silence {!r}
Potions
 A - 5 potions of ambrosia
 B - 9 potions of attraction {!q}
 C - 2 potions of berserk rage {!q}
 E - 5 potions of cancellation
 F - 4 potions of curing
 G - 4 potions of flight
 H - 9 potions of haste
 I - 2 potions of invisibility
 J - a potion of heal wounds
 L - 6 potions of lignification {!q}
 N - 8 potions of might
 O - 2 potions of resistance
Miscellaneous
 b - a lightning rod (4/4)
 l - a condenser vane
 m - a phantom mirror
 w - a phial of floods


   Skills:
 * Level 16.0 Fighting
 + Level 14.1 Throwing
 + Level 11.2 Armour
 - Level 2.4 Dodging
 * Level 12.1 Shields
 + Level 21.0 Unarmed Combat
 + Level 14.3 Invocations
 - Level 6.0 Evocations


You had 20 spell levels left.
You didn't know any spells.
Your spell library contained the following spells:

 Spells                   Type           Power      Damage    Failure   Level
 Animate Skeleton         Necr           0%         N/A       100%        1
 Apportation              Tloc           0%         N/A       100%        1
 Beastly Appendage        Tmut           0%         N/A       100%        1
 Pain                     Necr           0%         1d4       100%        1
 Sandblast                Erth           0%         2d4       100%        1
 Shock                    Conj/Air       0%         1d3       100%        1
 Summon Small Mammal      Summ           0%         N/A       100%        1
 Blink                    Tloc           0%         N/A       100%        2
 Corpse Rot               Necr/Air       0%         N/A       100%        2
 Ensorcelled Hibernation  Hex/Ice        0%         N/A       100%        2
 Passwall                 Tmut/Erth      0%         N/A       100%        2
 Poisonous Vapours        Pois/Air       0%         N/A       100%        2
 Static Discharge         Conj/Air       0%         N/A       100%        2
 Wereblood                Tmut           0%         N/A       100%        2
 Call Canine Familiar     Summ           0%         N/A       100%        3
 Conjure Flame            Conj/Fire      0%         6-21      100%        3
 Gell's Gravitas          Tloc           0%         N/A       100%        3
 Ignite Poison            Fire/Tmut/Pois 0%         N/A       100%        3
 Inner Flame              Hex/Fire       0%         N/A       100%        3
 Lesser Beckoning         Tloc           0%         N/A       100%        3
 Portal Projectile        Hex/Tloc       0%         N/A       100%        3
 Spider Form              Tmut/Pois      0%         N/A       100%        3
 Stone Arrow              Conj/Erth      0%         3d7       100%        3
 Swiftness                Air            0%         N/A       100%        3
 Tukima's Dance           Hex            0%         N/A       100%        3
 Airstrike                Air            0%         N/A       100%        4
 Anguish                  Hex/Necr       0%         N/A       100%        4
 Cause Fear               Hex            0%         N/A       100%        4
 Dispel Undead            Necr           0%         3d6       100%        4
 Leda's Liquefaction      Hex/Erth       0%         N/A       100%        4
 Olgreb's Toxic Radiance  Pois           0%         N/A       100%        4
 Passage of Golubria      Tloc           0%         N/A       100%        4
 Sticky Flame             Conj/Fire      0%         2d3       100%        4
 Summon Lightning Spire   Summ/Air       0%         N/A       100%        4
 Agony                    Necr           0%         N/A       100%        5
 Alistair's Intoxication  Tmut/Pois      0%         N/A       100%        5
 Borgnjor's Vile Clutch   Necr/Erth      0%         N/A       100%        5
 Excruciating Wounds      Necr           0%         N/A       100%        5
 Manifold Assault         Tloc           0%         N/A       100%        5
 Yara's Violent Unravell  Hex/Tmut       0%         3d3       100%        5
 Eringya's Noxious Bog    Tmut/Pois      0%         N/A       100%        6
 Iron Shot                Conj/Erth      0%         9d1       100%        6
 Spellforged Servitor     Conj/Summ      0%         N/A       100%        7
 Discord                  Hex            0%         N/A       100%        8
 Lehudib's Crystal Spear  Conj/Erth      0%         10d2      100%        8
 Dragon's Call            Summ           0%         N/A       100%        9


Dungeon Overview and Level Annotations

Branches:
Dungeon (15/15)            Temple (1/1) D:5            Lair (6/6) D:11
 Shoals (4/4) Lair:4        Snake (4/4) Lair:3        Slime (0/5) Lair:5
    Orc (2/2) D:10            Elf (0/3) Orc:2        Vaults (4/5) D:13
  Crypt (0/3) Vaults:2     Depths (2/4) D:15          IceCv (visited)
Desolation (visited)

Altars:
Ashenzari
Cheibriados
Dithmenos
Elyvilon
Fedhas
Gozag
Hepliaklqana
Kikubaaqudgha
Makhleb
Nemelex Xobeh
Okawaru
Qazlal
Ru
Sif Muna
Trog
Uskayaw
Vehumet
Wu Jian
Xom
Yredelemnul
Zin
The Shining One
Beogh

Shops:
D:5 (   D:10 ?   Orc:2 [***[   Shoals:2 =::[   Shoals:3 *   Snake:1 !
Snake:2 !*   Vaults:1 *

Portals:
Hell: Depths:1
Ziggurat: Depths:1

Annotations:
Lair:2 Evawkocs's ghost, journeyman MyWr
Vaults:3 2 transporters, exclusion: obsidian statue
Vaults:4 Sojobo


Innate Abilities, Weirdness & Mutations

You are too large for most types of armour.
You have claws for hands.
Your natural rate of healing is unusually fast.
You are covered in fur. (AC +1)
You have tough skin. (AC +1)


Message History

The tengu reaver attacks as you move away!
You block the tengu reaver's attack.
The tengu reaver pecks you but does no damage.
The tengu reaver claws you but does no damage.
You feel very sick. You block the air elemental's attack.
The air elemental fires a burst of electricity at you.
The stunning burst hits you but does no damage.
You suddenly lose the ability to move!
The air elemental hits you but does no damage.
The tengu reaver is engulfed in blazing flames.
The tengu reaver casts a spell at you.
The bolt of negative energy hits your fire elemental.
Your fire elemental completely resists.
The bolt of negative energy hits you!
You feel drained.
* * * LOW HITPOINT WARNING * * *
The tengu reaver points at you and mumbles some strange words.
The bolt of poison hits the air elemental.
The air elemental completely resists.
The bolt of poison hits you. You resist.
* * * LOW HITPOINT WARNING * * *
Your fire elemental misses the tengu reaver.
Sojobo waves her feathered arms in wide circles.
The air twists around and strikes you!
* * * LOW HITPOINT WARNING * * *
The air elemental fires a burst of electricity at you.
The stunning burst hits you but does no damage.
The air elemental hits you but does no damage.
You can move again.
There is an open door, spattered with blood here. 2/208 (-29)
You feel better. You block the air elemental's attack.
The air elemental fires a burst of electricity at you.
The stunning burst hits you but does no damage.
You shrug off the repeated paralysis!
The stunning burst misses your fire elemental.
The tengu reaver is engulfed in blazing flames.
The tengu reaver points at you and mumbles some strange words.
The bolt of acid misses your fire elemental.
The bolt of acid hits you!!!
You die...

...............
................
................
...................#
...................#
......°..§.........#
.....○QQ§..........#
......QEEE.........#
.....###@####......#
### ...
#.○E)..#......# #..
. #...°○.)).....#
#.. #......#......#
#.. #......#......#
#.. #......#)E....#
#.. #......#......#
#.. #..>...#......#
#.. #......#......#
#..


You could see Sojobo (repels missiles, ally target), 2 tengu reavers, 2 air
elementals and 2 friendly fire elementals.

Vanquished Creatures
  Jory (Vaults:4)
  The ghost of Taoger the Eclecticist, an adept DsTm of Cheibriados (Vaults:1)
  Mlioglotl (Shoals:1)
  A lich (Depths:1)
  Kirke (Lair:5)
  A sphinx (Vaults:2)
  Frances (Shoals:2)
  A shadow dragon (Vaults:2)
  4 nagarajas (Snake:4)
  3 frost giants
  An imperial myrmidon (Desolation)
  8 vault wardens
  Louise (D:15)
  Aizul (Snake:2)
  16 ironbound preservers
  A reaper (IceCv)
  The ghost of Ecoseuz the Stormcaller, a journeyman DrAE of Ignis (Lair:3)
  A vampire knight (Depths:1)
  5 ironbound thunderhulks
  10 very ugly things
  2 stone giants
  2 entropy weavers
  Nessos (Lair:6)
  A halazid warlock (Desolation)
  2 spark wasps (Depths:1)
  12 dire elephants
  3 merfolk javelineers
  4 crystal guardians
  A deep elf death mage (Vaults:1)
  A fire dragon (Depths:1)
  12 merfolk impalers
  Snorg (Orc:2)
  11 yaktaur captains
  3 great orbs of eyes
  2 ettins
  12 naga warriors
  4 rakshasas
  8 servants of whispers (Desolation)
  9 ragged hierophants
  2 salamander tyrants
  2 ogre magi (D:15)
  An ice dragon (Depths:2)
  2 ironbound frosthearts
  5 vault guards
  11 hydras
  A spriggan skeleton (Depths:1)
  5 alligator snapping turtles
  A spriggan air mage (Depths:2)
  6 merfolk aquamancers
  Erica (Orc:2)
  10 peacekeepers
  7 anacondas
  7 boulder beetles
  4 catoblepae
  3 death knights
  12 two-headed ogres
  4 alligators (Snake:3)
  3 satyrs (Shoals:4)
  9 centaur warriors
  10 death yaks
  5 merfolk avatars
  A deep troll shaman (Lair:6)
  2 orc high priests
  6 vampire magi (Depths:1)
  2 deep troll earth magi (Depths:1)
  3 tengu warriors
  Urug (Orc:2)
  4 shock serpents
  7 naga sharpshooters
  A hell knight (Vaults:1)
  A titan skeleton (Depths:1)
  3 goliath frogs (Snake:3)
  2 salamander mystics (Snake:4)
  4 skeletal warriors
  14 sea snakes
  56 deep trolls
  A flayed ghost (Depths:2)
  A glowing orange brain (Depths:1)
  An obsidian statue (Vaults:1)
  Pikel (D:7)
  8 lindwurms
  3 necromancers
  10 wizards
  3 phantasmal warriors
  A deep elf pyromancer (D:12)
  14 naga ritualists
  20 harpies
  15 ironbound convokers
  3 orc knights
  A fire giant zombie (Depths:1)
  16 mana vipers
  8 orc sorcerers
  14 cyclopes
  36 ugly things
  4 oklob plants (Lair:4)
  A faun (Shoals:2)
  22 salamanders
  9 vault sentinels
  14 manticores
  A black mamba (shapeshifter) (Depths:1)
  2 molten gargoyles (Desolation)
  10 merfolk sirens
  An ice statue (IceCv)
  22 naga magi
  22 elephants
  A frost giant skeleton (Depths:1)
  11 guardian serpents
  A torpor snail (Lair:2)
  48 black mambas
  The ghost of kal9871 the Caller, a novice DrSu of Makhleb (D:4)
  Maggie (D:8)
  5 cane toads
  11 water nymphs
  A gargoyle (D:13)
  6 komodo dragons
  4 rime drakes
  34 yaktaurs
  3 kobold demonologists (D:12)
  An efreet (D:15)
  2 unseen horrors
  2 anaconda simulacra (IceCv)
  4 tengu conjurers
  An entropy weaver simulacrum (IceCv)
  8 freezing wraiths
  35 merfolk
  6 meliai
  6 trolls
  Prince Ribbit (D:8)
  78 saltlings
  5 polar bears
  21 blink frogs
  2 hornets (D:9)
  3 wind drakes
  A wolf spider simulacrum (D:15)
  30 slime creatures
  10 dream sheep
  A spriggan zombie (Depths:1)
  13 snapping turtles
  A culicivora (Vaults:2)
  2 wyverns
  A centaur simulacrum (D:14)
  3 wraiths
  Sigmund (D:2)
  33 yaks
  6 shadows
  A dire elephant simulacrum (IceCv)
  15 water elementals
  3 hogs (Lair:5)
  Grum (D:9)
  8 basilisks
  2 steam dragons
  2 death yak simulacra (IceCv)
  2 vampire mosquitoes (D:12)
  55 nagas
  Menkaure (D:7)
  A human zombie (Depths:1)
  A warg (Orc:1)
  2 harpy simulacra (IceCv)
  17 water moccasins
  Duvessa (D:7)
  An acid dragon (D:11)
  3 sky beasts
  3 black bears
  29 orc warriors
  2 ice beasts
  14 ogres
  4 boggarts (D:15)
  11 wolves
  12 centaurs
  4 lemures (D:7)
  2 phantoms
  6 kobold brigands
  2 necrophages
  6 gnoll sergeants
  A scorpion (D:7)
  16 bullfrogs
  4 two-headed ogre simulacra (IceCv)
  A cane toad simulacrum (IceCv)
  3 wights
  Dowan (D:7)
  3 elephant simulacra (IceCv)
  10 killer bees
  2 howler monkeys (D:13)
  17 orc priests
  15 jellies
  Crazy Yiuf (D:2)
  A gnoll shaman (D:5)
  3 hounds
  4 iguanas
  Jessica (D:3)
  Ijyb (D:3)
  27 orc wizards
  A polar bear simulacrum (IceCv)
  7 spriggan simulacra
  8 troll simulacra (IceCv)
  A wolf simulacrum (IceCv)
  Robin (D:3)
  3 adders
  15 gnolls
  5 naga simulacra (IceCv)
  A shadow imp (D:7)
  9 white imps
  5 ufetubi
  2 worms
  2 dart slugs
  89 orcs
  9 ball pythons
  8 endoplasms
  3 giant cockroaches (D:1)
  9 hobgoblins
  11 kobolds
  6 quokkas
  8 bats
  6 frilled lizards
  21 goblins
  2 rats (D:1)
1591 creatures vanquished.

Vanquished Creatures (collateral kills)
  Boris (Vaults:4)
  Xtahua (Vaults:4)
  A merfolk impaler (Shoals:4)
  A ragged hierophant (Desolation)
  A merfolk aquamancer (Shoals:1)
  3 death yaks (Lair:4)
  A salamander mystic (Snake:3)
  A harpy (Shoals:4)
  A manticore (Shoals:1)
  A black mamba (Snake:3)
  A saltling (Desolation)
  A merfolk (Shoals:4)
  A redback (Vaults:4)
15 creatures vanquished.

Vanquished Creatures (others)
  A yak (Lair:5)
  4 humans (Lair:5)
  An orc (Orc:2)
  32 fungi
  130 plants
  2 withered plants (D:4)
170 creatures vanquished.

Grand Total: 1776 creatures vanquished

Notes
Turn   | Place    | Note
-------+----------+-------------------------------------------
     0 | D:1      | wakim the Troll Fighter began the quest for the Orb.
     0 | D:1      | Reached XP level 1. HP: 22/22 MP: 0/0
    71 | D:1      | Reached XP level 2. HP: 29/29 MP: 1/1
   283 | D:1      | Found a faded altar of an unknown god.
   498 | D:1      | Reached XP level 3. HP: 36/36 MP: 2/2
   698 | D:2      | Reached skill level 3 in Unarmed Combat
   788 | D:2      | Found a runed translucent door.
   789 | D:2      | Noticed Crazy Yiuf
  1023 | D:2      | Noticed Sigmund
  1157 | D:2      | Found a shimmering altar of Xom.
  1734 | D:3      | Noticed Robin
  1748 | D:2      | Reached XP level 4. HP: 28/44 MP: 3/3
  1779 | D:3      | Noticed Jessica
  1786 | D:3      | Killed Robin
  1799 | D:3      | Killed Jessica
  2077 | D:3      | Reached XP level 5. HP: 44/53 MP: 4/4
  2161 | D:3      | Noticed Ijyb
  2169 | D:3      | Killed Ijyb
  2170 | D:3      | Reached skill level 1 in Throwing
  2232 | D:3      | You fall into a shaft and drop 2 floors!
  2232 | D:5      | Entered Level 5 of the Dungeon
  2232 | D:5      | Found a blossoming altar of Fedhas.
  2246 | D:5      | Reached skill level 4 in Unarmed Combat
  2309 | D:5      | Noticed a water moccasin
  2326 | D:5      | Killed a water moccasin
  2327 | D:5      | Reached XP level 6. HP: 15/61 MP: 5/5
  2841 | D:4      | Found a runed translucent door.
  2841 | D:4      | Noticed kal9871's ghost (novice DrSu)
  3217 | D:4      | Reached XP level 7. HP: 54/67 MP: 6/6
  3472 | D:5      | Reached skill level 5 in Unarmed Combat
  3482 | D:5      | Found Fagir's Firing Range.
  3486 | D:5      | Bought 2 throwing nets for 66 gold pieces
  3817 | D:2      | Killed Crazy Yiuf
  3915 | D:2      | Killed Sigmund
  3916 | D:2      | Reached skill level 5 in Shields
  3916 | D:2      | Reached XP level 8. HP: 71/78 MP: 7/7
  4025 | D:5      | Reached skill level 6 in Unarmed Combat
  4060 | D:5      | Found a staircase to the Ecumenical Temple.
  4093 | Temple   | Entered the Ecumenical Temple
  4128 | Temple   | Became a worshipper of Qazlal Stormbringer
  4723 | D:6      | Found an ancient bone altar of Kikubaaqudgha.
  4740 | D:6      | Reached skill level 1 in Invocations
  5367 | D:4      | Killed kal9871's ghost
  5368 | D:4      | Reached skill level 7 in Unarmed Combat
  5368 | D:4      | Reached XP level 9. HP: 83/85 MP: 9/9
  5378 | D:5      | Found a radiant altar of Vehumet.
  5379 | D:5      | Found a sparkling altar of Nemelex Xobeh.
  5380 | D:5      | Found a glowing silver altar of Zin.
  5579 | D:7      | Reached * piety under Qazlal
  5620 | D:7      | Noticed Menkaure
  5653 | D:7      | Killed Menkaure
  5692 | D:7      | Noticed Pikel
  5873 | D:7      | Noticed Dowan
  5873 | D:7      | Noticed Duvessa
  5881 | D:7      | Killed Duvessa
  5885 | D:7      | Killed Dowan
  5924 | D:7      | Found a hide-covered altar of Uskayaw.
  5936 | D:7      | Reached skill level 5 in Fighting
  6005 | D:7      | Killed Pikel
  6006 | D:7      | Reached skill level 8 in Unarmed Combat
  6591 | D:8      | Reached XP level 10. HP: 54/96 MP: 11/11
  6701 | D:8      | Noticed Prince Ribbit
  6717 | D:8      | Killed Prince Ribbit
  7094 | D:8      | Noticed Maggie
  7106 | D:8      | Killed Maggie
  7107 | D:8      | Reached skill level 5 in Throwing
  7283 | D:9      | Noticed a two-headed ogre
  7293 | D:9      | Identified the +0 leather armour of the Vaults {Contam
                  | rPois Int+5}
  7297 | D:9      | Killed a two-headed ogre
  7297 | D:9      | Reached ** piety under Qazlal
  7426 | D:9      | Reached skill level 9 in Unarmed Combat
  7596 | D:9      | Noticed Grum
  7607 | D:9      | Killed Grum
  7993 | D:10     | Entered Level 10 of the Dungeon
  7994 | D:10     | Noticed a two-headed ogre
  8009 | D:10     | Killed a two-headed ogre
  8104 | D:10     | Found a hazy altar of Hepliaklqana.
  8168 | D:10     | Found a shimmering altar of Xom.
  8306 | D:10     | Found Hesuow's Magic Scroll Shoppe.
  8315 | D:10     | Bought a scroll of summoning for 114 gold pieces
  8315 | D:10     | Bought a scroll of teleportation for 36 gold pieces
  8524 | D:10     | Found a staircase to the Orcish Mines.
  8554 | D:11     | Noticed a cyclops
  8642 | D:10     | Reached XP level 11. HP: 99/105 MP: 13/13
  8843 | D:10     | Found an iron altar of Okawaru.
  9252 | D:11     | Reached skill level 5 in Invocations
  9343 | D:11     | Reached skill level 10 in Unarmed Combat
  9469 | D:11     | Noticed a boulder beetle
  9477 | D:11     | Killed a boulder beetle
  9506 | D:11     | Noticed a brown ugly thing
  9528 | D:11     | Killed a brown ugly thing
  9558 | D:11     | Noticed a death knight
  9755 | D:11     | Found a staircase to the Lair.
  9774 | D:11     | Noticed a boulder beetle
  9782 | D:11     | Killed a boulder beetle
 10547 | Orc:1    | Entered Level 1 of the Orcish Mines
 10615 | Orc:2    | Entered Level 2 of the Orcish Mines
 10618 | Orc:2    | Noticed an orc knight
 10732 | Orc:1    | Killed an orc knight
 10832 | Orc:1    | Noticed Erica
 10836 | Orc:2    | Found Qeguot's Armour Shop.
 11059 | Orc:2    | Reached *** piety under Qazlal
 11097 | Orc:2    | Killed Erica
 11098 | Orc:2    | Reached skill level 11 in Unarmed Combat
 11184 | Orc:2    | Reached XP level 12. HP: 101/115 MP: 15/15
 11471 | Orc:2    | Noticed Urug
 11490 | Orc:2    | Killed Urug
 11596 | Orc:2    | Noticed an orc high priest
 11597 | Orc:2    | Paralysed by an orc sorcerer for 5 turns
 11606 | Orc:2    | Killed an orc high priest
 11699 | Orc:2    | Found Voantewn's Armour Shop.
 11699 | Orc:2    | Found Seilot's Assorted Antiques.
 11702 | Orc:2    | Found Xoulon's Assorted Antiques.
 11704 | Orc:2    | Found Bemi's Assorted Antiques.
 11710 | Orc:2    | Bought a scroll labelled UNIAFEBOOL for 32 gold pieces
 11735 | Orc:2    | Bought a scroll labelled OSHETR TOECH for 36 gold pieces
 11736 | Orc:2    | Bought a scroll of identify for 44 gold pieces
 11750 | Orc:2    | Noticed Snorg
 11758 | Orc:2    | Killed Snorg
 11759 | Orc:2    | Reached skill level 10 in Shields
 11799 | Orc:2    | Bought a scroll of blinking for 165 gold pieces
 11799 | Orc:2    | Bought a scroll of fear for 77 gold pieces
 11799 | Orc:2    | Bought a potion of haste for 220 gold pieces
 11929 | Orc:2    | Found a staircase to the Elven Halls.
 12357 | D:11     | Killed a death knight
 12358 | D:11     | Reached skill level 12 in Unarmed Combat
 12613 | Lair:1   | Entered Level 1 of the Lair of Beasts
 13660 | Lair:2   | Reached XP level 13. HP: 121/127 MP: 17/17
 13853 | Lair:2   | Found a runed translucent door.
 13854 | Lair:2   | Noticed Evawkocs's ghost (journeyman MyWr)
 14288 | Lair:2   | Identified a scroll of acquirement
 14289 | Lair:2   | Acquired an amulet of reflection
 14755 | Lair:3   | Reached skill level 1 in Armour
 14801 | Lair:3   | Found a staircase to the Snake Pit.
 14829 | Lair:3   | Reached skill level 13 in Unarmed Combat
 14901 | Lair:3   | Found a runed translucent door.
 14903 | Lair:3   | Noticed Ecoseuz's ghost (journeyman DrAE)
 14906 | Lair:3   | Reached **** piety under Qazlal
 15975 | Lair:4   | Found a frozen archway.
 16025 | IceCv    | Entered an ice cave
 16109 | IceCv    | !bestwep
 16394 | IceCv    | Reached ***** piety under Qazlal
 16467 | IceCv    | Noticed a reaper
 16477 | IceCv    | Killed a reaper
 17169 | Lair:4   | Found a staircase to the Shoals.
 17375 | Lair:4   | Reached skill level 14 in Unarmed Combat
 17655 | Lair:4   | Reached XP level 14. HP: 81/137 MP: 19/19
 17880 | Lair:4   | Identified the +1 pair of boots of Fanaticism {rF+ Str-2
                  | Dex+3}
 18293 | Lair:5   | Noticed Kirke
 18315 | Lair:5   | Killed Kirke
 18316 | Lair:5   | Reached skill level 1 in Evocations
 18587 | Lair:5   | Found a staircase to the Slime Pits.
 19078 | Lair:6   | Entered Level 6 of the Lair of Beasts
 19442 | Lair:6   | Noticed Nessos
 19465 | Lair:6   | Killed Nessos
 19945 | Lair:6   | Reached skill level 15 in Unarmed Combat
 20456 | D:12     | Reached XP level 15. HP: 96/148 MP: 21/21
 20463 | D:12     | !bestwep
 20566 | D:12     | Reached skill level 10 in Invocations
 20687 | D:12     | Reached skill level 5 in Armour
 21223 | D:13     | Reached skill level 10 in Throwing
 21500 | D:13     | Found a gate to the Vaults.
 21983 | D:14     | Reached skill level 10 in Fighting
 22245 | D:14     | Found a shimmering blue altar of Sif Muna.
 22424 | D:15     | Entered Level 15 of the Dungeon
 22424 | D:15     | Noticed Louise
 22430 | D:15     | Killed Louise
 22838 | D:15     | Reached skill level 16 in Unarmed Combat
 22904 | D:15     | Found a staircase to the Depths.
 23264 | D:15     | Found a runed translucent door.
 23296 | D:15     | Reached XP level 16. HP: 111/159 MP: 20/23
 23391 | D:15     | !bestwep
 24112 | Snake:1  | Entered Level 1 of the Snake Pit
 24290 | Snake:1  | Found Wausargh's Distillery.
 24453 | Snake:1  | Bought a potion of curing for 54 gold pieces
 24453 | Snake:1  | Bought a potion of might for 72 gold pieces
 25409 | Snake:2  | Noticed Aizul
 25415 | Snake:2  | Killed Aizul
 25703 | Snake:2  | Found Jizixib's Distillery.
 25721 | Snake:2  | Reached skill level 5 in Evocations
 25919 | Snake:2  | Found Xateonay's General Store.
 25923 | Snake:2  | Bought a potion of ambrosia for 144 gold pieces
 25923 | Snake:2  | Bought a potion of cancellation for 144 gold pieces
 25923 | Snake:2  | Bought a potion of heal wounds for 90 gold pieces
 26945 | Snake:2  | Reached skill level 17 in Unarmed Combat
 27209 | Snake:3  | Reached XP level 17. HP: 171/171 MP: 24/24
 28287 | Snake:3  | !bestwep
 28311 | Snake:4  | Entered Level 4 of the Snake Pit
 28434 | Shoals:1 | Entered Level 1 of the Shoals
 28437 | Shoals:1 | Noticed Mlioglotl
 28440 | Shoals:1 | Noticed a bone dragon
 28507 | Shoals:1 | Killed Mlioglotl
 28764 | Shoals:1 | Got the Papyrus of Shape Shifting and the Mountains
 29289 | Shoals:2 | Noticed Frances
 29389 | Shoals:2 | Killed Frances
 29400 | Shoals:2 | Found Veoriomm's Antique Armour Shoppe.
 29542 | Shoals:2 | Found Zarruxzel's Book Emporium.
 29612 | Shoals:2 | Found Pequrphe's Book Shoppe.
 29833 | Shoals:2 | Found Xorph's Jewellery Boutique.
 30417 | Shoals:3 | Found Imie's Assorted Antiques.
 30426 | Shoals:3 | Bought a bloodstained cloak for 323 gold pieces
 30426 | Shoals:3 | Identified the +1 cloak of Catatonia {Str+3 Dex+3 Slay+2}
                  | (You bought it in a shop on level 3 of the Shoals)
 31459 | Snake:4  | Reached skill level 18 in Unarmed Combat
 31773 | Snake:4  | Reached XP level 18. HP: 161/184 MP: 26/26
 32878 | Snake:4  | Got a serpentine rune of Zot
 33128 | Shoals:4 | Entered Level 4 of the Shoals
 33786 | Shoals:4 | !bestwep
 34140 | Shoals:4 | Got Sif Muna's Volume of Earth and Dislocation
 34214 | Shoals:4 | Identified the +4 short sword "Finihenkye" {vorpal, Str-3
                  | Int+5}
 34378 | Shoals:4 | Got a barnacled rune of Zot
 35051 | Orc:2    | Bought a scroll of blinking for 270 gold pieces
 35051 | Orc:2    | Bought a scroll of fog for 72 gold pieces
 35230 | D:5      | Bought 2 javelins for 17 gold pieces
 35230 | D:5      | Bought 5 silver javelins for 132 gold pieces
 35465 | Depths:1 | Entered Level 1 of the Depths
 35484 | Depths:1 | Reached skill level 19 in Unarmed Combat
 35541 | Depths:1 | Noticed a lich
 35541 | Depths:1 | Noticed an ancient lich
 35542 | Depths:1 | Found a one-way gateway to a ziggurat.
 35699 | Depths:1 | Noticed a lich
 35703 | Depths:1 | Killed a lich
 35704 | Depths:1 | Reached XP level 19. HP: 196/196 MP: 14/27
 36011 | Depths:1 | Identified the +5 scale mail "Vaiseschoi" {Str+4}
 36414 | Depths:1 | Found a gateway to Hell.
 36508 | Depths:1 | Found an ancient bone altar of Kikubaaqudgha.
 37327 | Vaults:1 | Entered Level 1 of the Vaults
 37811 | Vaults:1 | Reached skill level 10 in Armour
 38279 | Vaults:1 | Found a runed translucent gate.
 38279 | Vaults:1 | Found a runed translucent gate.
 38279 | Vaults:1 | Found a runed translucent gate.
 38279 | Vaults:1 | Found an opulent altar of Gozag.
 38280 | Vaults:1 | Found Kifuasoe's Assorted Antiques.
 38280 | Vaults:1 | Noticed Taoger's ghost (adept DsTm)
 39082 | Vaults:2 | Reached XP level 20. HP: 208/208 MP: 29/29
 39269 | Vaults:2 | Reached ****** piety under Qazlal
 39437 | Vaults:2 | Reached skill level 20 in Unarmed Combat
 39455 | Vaults:2 | Found a staircase to the Crypt.
 39455 | Vaults:2 | Found an ancient bone altar of Kikubaaqudgha.
 39456 | Vaults:2 | Found a basalt altar of Yredelemnul.
 40201 | Vaults:3 | Reached skill level 15 in Fighting
 40609 | Vaults:3 | Found a crumbling gateway.
 40638 | Desolati | Entered the Desolation of Salt
 40921 | Desolati | !bestwep
 40984 | Desolati | Got Lecronan's Papyrus of the Birds and Creation
 41453 | Desolati | Reached XP level 21. HP: 165/219 MP: 30/30
 41776 | Desolati | Got the Incunabulum of Summoning and Malediction
 41806 | Desolati | Identified the +1 ice dragon scales "Yxoom" {*Corrode rF-
                  | rC++ Int+3 Dex+4}
 41928 | Desolati | Got the Almanac of Poisoning
 43354 | Vaults:3 | !bestwep
 43518 | Vaults:3 | Found a transporter.
 43530 | Vaults:3 | Found the ring of the Mage {Wiz Archmagi}
 43531 | Vaults:3 | Found a transporter.
 43888 | Lair:3   | Killed Ecoseuz's ghost
 44341 | Vaults:1 | Killed Taoger's ghost
 44524 | Vaults:1 | Bought a scroll of teleportation for 96 gold pieces
 44767 | Vaults:4 | Identified the +1 shortbow "Kacadekh" {speed, rC+ rCorr}
 44781 | Vaults:4 | Noticed Jory
 44791 | Vaults:4 | Killed Jory
 44903 | Vaults:4 | Reached skill level 21 in Unarmed Combat
 44995 | Vaults:4 | Noticed Boris
 45002 | Vaults:4 | Killed Boris
 45027 | Vaults:4 | Noticed Xtahua
 45033 | Vaults:4 | Killed Xtahua
 45063 | Vaults:4 | Noticed Sojobo
 45070 | Vaults:4 | Paralysed by an air elemental for 1 turns
 45070 | Vaults:4 | HP: 2/208 [Sojobo/the air (9)]
 45071 | Vaults:4 | Killed from afar by a tengu reaver

Illustrated notes .###.# .###.# ..##.# #.##.## #.###.## #..##..# ## #..###.# Z# ##.# #.## ##5# #..# #..# ##@#### ..## ##.## ##.....# ∩.# #..#####.....## ...# ##..#........# .∩.# ##......##### ..## #..##### ### #### Turn 16109 on IceCv: !bestwep ..# ...# #..# #..# . #..##### ... #....... .....######....... ......)@.°...# ......§....<.# .....######..# .... #..# ### #..# #..# #... #.... ...## Turn 20463 on D:12: !bestwep ### ## #.#############. #.#............. #.#######.#.###########. #....................... #########.############## :......@................ #########.########.....# #.# #...... #.# #.....? #.# #...... #######.########...... .......)†.......#.##.. #############)#######.#.##.. .........................+.. Turn 23391 on D:15: !bestwep ########## #........# #........# ##### ##########........# #.... #........#........# #.... #........#○§......# #.... #........#○@......# #.... #........#........# #.... #............○....# ##.... #.......°#........#####..... #........##.........##†..### ###..###.##..............# #.....................#.# ## #.......................# .######......................## Turn 28287 on Snake:3: !bestwep ≈≈≈≈≈≈≈≈≈≈≈≈≈≈≈≈≈≈≈... ≈P≈≈≈P≈≈≈≈≈≈≈≈≈≈≈≈≈≈≈≈.... .....P≈≈≈≈≈≈≈≈≈≈≈≈≈≈...... ..m..≈≈≈≈≈≈≈≈≈≈≈≈≈≈≈...... ....(.≈≈≈≈≈≈≈≈≈≈≈≈≈≈...... ..P....≈≈≈≈≈≈≈≈≈≈≈........ # #.....≈○≈≈≈≈≈≈≈)........ .. #....§)≈≈≈≈≈≈≈#####.... ...#...)≈@≈§≈≈≈)## #... )..'.P..≈≈≈○≈≈≈.# ... ...#.....○≈≈≈.### ≈≈ . ##.P.)))≈[..# #P....))≈<).# .........††÷### ..P........)# .. ............# .... .≈≈≈..≈....)##..... Turn 33786 on Shoals:4: !bestwep

§.§§...............§§§§§§.§§.#...
..................§§.§§§§.§§.....
§.#...............§..§§.§§§§.....
...................§...§§§§§§§§..
............#..........§.§§§§§..
.#............○.......§.§§#§...
.#.........#....##.....§§§#...
..#......§°§☼...§......§.§..#
......§§§§@..§§.......§...#
#.......§§§§.§§..........##
......§§§§§§§§........###
........9.§§§ § ........§§§
...#.##.§§§§ .##. ##


Turn 40921 on Desolation: !bestwep ....#......#.....# #......#
....#......#.....# #......# ....#......#.....# #.<....# ....#......#.....#
#......# ....#......#.....# #......# ....#[.....#.°...# #..[...#
....#'######...§§# #......# ......[.......°..# #......# ...............☼@+
######## .................# ..........)...§..# .................#
........)........# .................# .................# ################## Turn
43354 on Vaults:3: !bestwep

Levels and vault maps discovered:
D:1:      lemuel_arrival_broad_hall, layout_basic,
          ebering_ecumenical_altar_petrified, minmay_misc_feat_plants
D:2:      layout_loops_ring, basic_altar, uniq_sigmund, uniq_crazy_yiuf_cottage
D:3:      layout_rooms, uniq_jessica, uniq_robin, uniq_ijyb
D:4:      minmay_door_path, layout_gridville, gammafunk_ghost_grave,
          kennysheep_flooded_box
D:5:      minmay_skewed_foursquare, layout_rooms, fedhas_altar_1,
          chequers_temple_overflow_statue_of_worship,
          minmay_temple_entry_enclosed_plants, nicolae_shop_firing_range
D:6:      layout_loops_ring, lemuel_crystal_altar,
          chequers_serial_rivers_micro_e
D:7:      layout_cave_pools, mainiacjoe_overflow_concentric_impassable,
          uniq_pikel, uniq_duvessa, uniq_menkaure
D:8:      layout_gridville, uniq_prince_ribbit1, uniq_maggie
D:9:      layout_small_grid, uniq_grum
D:10:     layout_gridville, overflow_temple_1_default, kennysheep_mini_moat,
          mainiacjoe_overflow_alcove_2, kennysheep_orc_monster_closet_entryway,
          serial_shops, shop
D:11:     layout_irregular_city, dpeg_oklobed_lair,
          hangedman_abyss_or_decor_passed
D:12:     layout_small_grid
D:13:     layout_rooms, david_vaults_1
D:14:     layout_rooms, infiniplex_staircase_trident,
          nicolae_sif_muna_little_library
D:15:     grunt_enter_depths_snipers, layout_basic, minmay_fountain_box,
          lightli_church_of_beogh, uniq_louise
Temple:   cyrus_circular_temple
Lair:1:   layout_chaotic_city
Lair:2:   layout_cellular_growth, gammafunk_ghost_grave,
          gammafunk_lair_bear_cave
Lair:3:   layout_loops_ring, guppyfry_snake_entry_garden,
          hellmonk_ghost_happy_afterlife, minivault_19, grunt_megastairs_1
Lair:4:   minmay_lair_oklob_tunnel, layout_regular_city,
          minmay_shoals_entry_lonely_mermaid, portal_ice_cave_rime,
          nicolae_lair_yak_garden
Lair:5:   layout_regular_city, minmay_slime_entry_jelly_boxes, uniq_kirke
Lair:6:   grunt_lair_end_beastmaster, layout_loops_ring, uniq_nessos
Shoals:1: layout_shoals, uniq_mlioglotl
Shoals:2: layout_shoals, serial_shops, nicolae_shop_stone,
          nicolae_shop_waterfront, shop, nicolae_shop_advertising_works
          [nicolae_subvault_shop_adworks], uniq_frances
Shoals:3: layout_shoals, serial_shops, shop, nicolae_shoals_shepherds
Shoals:4: shoals_end_simple, layout_shoals, nicolae_shoals_wave_tunnel
Snake:1:  layout_concentric_octagons, serial_shops, nicolae_shop_trees,
          lemuel_fruit_tree
Snake:2:  layout_layer_cave, corexii_hall_statues_i, minmay_shop_star,
          uniq_aizul
Snake:3:  layout_rooms, nicolae_snake_herptile_family_reunion
Snake:4:  johnstein_snake_rune_scales, layout_cave_town
Orc:1:    layout_diamond_mine, uniq_erica
Orc:2:    st_orc_mages, layout_caves, serial_shops, nicolae_shop_waterfront,
          uniq_snorg, uniq_urug
Vaults:1: ebering_ghost_gozag, v_misc_13, v_pattern_5,
          ontoclasm_vaults_loading_screen, v_misc_26, v_misc_24,
          nicolae_vaults_gold_heap, v_misc_4, nicolae_vaults_alarming,
          hangedman_vaults_trim, v_misc_9, vaults_dpeg_encased_lava,
          layout_vaults_omnibox
Vaults:2: vaults_room_boxed, nicolae_vaults_back_hallway, vaults_dpeg_hooks,
          v_rooms_2, ontoclasm_vaults_fault, ontoclasm_vaults_chip,
          ontoclasm_vaults_pinch, ontoclasm_vaults_gallery, v_misc_9,
          minmay_crypt_entry_necro_gods, v_misc_9, nicolae_vaults_what_the_h,
          ontoclasm_vaults_ligature, layout_vaults_ring
Vaults:3: portal_desolation_entry_salt, hangedman_vaults_restitches,
          vaults_room_hallway, gammafunk_sealed_arena, vaults_dpeg_ring,
          v_pattern_4, ontoclasm_vaults_claustrophobia,
          nicolae_vaults_border_crossing, nicolae_vaults_rhombus_5,
          layout_vaults_omnicross
Vaults:4: nicolae_vaults_stairing_the_circle, v_pattern_1,
          nicolae_vaults_little_squares_6, dpeg_vaults_monster_box,
          layout_vaults_omnigrid, uniq_xtahua, uniq_sojobo, uniq_boris,
          uniq_jory
Depths:1: layout_forbidden_donut, enter_ziggurat_d, hangedman_decor_opposing,
          hell_entry, kennysheep_vampire_church
Depths:2: minmay_the_grid_triangle_9x9_rhombus_full
          [minmay_the_grid_triangle_9x9_empty,
          minmay_the_grid_triangle_9x9_skeleton,
          minmay_the_grid_triangle_9x9_impossible_snake,
          minmay_the_grid_triangle_9x9_windchime,
          minmay_the_grid_triangle_9x9_shrine,
          minmay_the_grid_triangle_9x9_pentomino_pain,
          minmay_the_grid_triangle_9x9_semitri,
          minmay_the_grid_triangle_9x9_prize_schism], layout_cave_shapes,
          grunt_gozag_statues, grunt_metal_band, grunt_pan_entry_spiral,
          infiniplex_staircase_zigzag_5, firewood_loft

Skill      XL: |  1  2  3  4  5  6  7  8  9 10 11 12 13 14 15 16 17 18 19 20 21 |
---------------+----------------------------------------------------------------+-----
Unarmed Combat | 3 4 5 7 8 9 11 12 14 15 16 17 18 19 20 21 | 21.0
Shields        | 3 4 5 6 7 8 9 10 11 12 | 12.1
Fighting       | 3 4 5 6 7 8 9 10 11 12 13 14 15 16 | 16.0
Throwing       | 1 2 3 4 5 6 7 9 10 11 12 13 14 | 14.1
Invocations    | 2 3 4 5 7 8 9 10 11 12 13 14 | 14.3
Armour         | 3 4 6 7 9 10 11 | 11.2
Evocations     | 2 4 5 6 |  6.0
Dodging        | |  2.4

Action                   |  1- 3 |  4- 6 |  7- 9 | 10-12 | 13-15 | 16-18 | 19-21 || total
-------------------------+-------+-------+-------+-------+-------+-------+-------++-------
Melee: Unarmed           |   128 |   154 |   271 |   681 |  1202 |  1299 |  1389 ||  5124
Throw: Stone             |    36 |    30 |    60 |    73 |    31 |       |       ||   230
       Dart              |       |       |     4 |    48 |    11 |       |       ||    63
       Large rock        |       |       |       |     5 |    12 |     2 |       ||    19
       Boomerang         |       |       |       |       |    54 |   165 |    57 ||   276
Invok: Upheaval          |       |       |       |    18 |    29 |    37 |     4 ||    88
       Elemental Force   |       |       |       |       |     1 |     5 |     5 ||    11
Evoke: Wand              |       |       |       |     1 |       |    11 |     1 ||    13
       Lightning rod     |       |       |       |       |     6 |     4 |     2 ||    12
       Condenser vane    |       |       |       |       |     2 |     3 |     1 ||     6
       Phantom mirror    |       |       |       |       |     1 |       |       ||     1
       Phial of floods   |       |       |       |       |       |     1 |       ||     1
  Use: Scroll            |       |    12 |     8 |    10 |     5 |     7 |     2 ||    44
       Potion            |       |     1 |       |       |     2 |     8 |     4 ||    15
 Stab: Sleeping          |       |     1 |       |       |       |       |       ||     1
       Petrified         |       |       |       |       |     6 |       |       ||     6
       Confused          |       |       |       |       |     4 |       |       ||     4
       Petrifying        |       |       |       |       |     3 |       |       ||     3
       Paralysed         |       |       |       |       |     2 |     5 |     3 ||    10
       Invisible         |       |       |       |       |       |     2 |       ||     2
       Distracted        |       |       |       |       |       |     1 |       ||     1
Armor: Robe              |    42 |    40 |    52 |     2 |       |       |       ||   136
       Acid dragon scale |       |       |       |    34 |       |       |       ||    34
       Steam dragon scal |       |       |       |     1 |       |       |       ||     1
       Gold dragon scale |       |       |       |   172 |   420 |   546 |   473 ||  1611
Dodge: Dodged            |    40 |    53 |    96 |   155 |    94 |   118 |   129 ||   685
       Repelled          |       |       |       |       |       |     7 |     1 ||     8
Block: Kite shield       |    58 |    33 |   122 |   403 |  1120 |  1663 |  1166 ||  4565
       Reflection        |       |       |       |       |    28 |   190 |    72 ||   290
       Tower shield      |       |       |       |       |       |       |   286 ||   286

Table legend: (Time is in decaauts)
 A = Elapsed time spent in this place.
 B = Non-inter-level travel time spent in this place.
 C = Inter-level travel time spent in this place.
 D = Time resting spent in this place.
 E = Time spent auto-exploring this place.
 F = Levels seen in this place.
 G = Mean time per level.
                   A        B        C        D        E       F      G
               +--------+--------+--------+--------+--------+-----+--------+
         Total |  44624 |  39833 |   4791 |   2308 |  26935 |  40 | 1115.6 |
       Dungeon |  15674 |  13739 |   1935 |    707 |   9516 |  15 | 1044.9 |
        Temple |     59 |     44 |     15 |      0 |     31 |   1 |   59.0 |
          Lair |   7494 |   6440 |   1054 |    160 |   4979 |   6 | 1249.0 |
        Shoals |   4544 |   4274 |    270 |    265 |   2904 |   4 | 1136.0 |
     Snake Pit |   5952 |   5394 |    558 |    335 |   3872 |   4 | 1488.0 |
  Orcish Mines |   1675 |   1476 |    199 |    167 |    764 |   2 |  837.5 |
        Vaults |   5193 |   4544 |    649 |     85 |   3077 |   4 | 1298.2 |
        Depths |   1553 |   1445 |    108 |    225 |    657 |   2 |  776.5 |
      Ice Cave |   1093 |   1093 |      0 |     82 |    628 |   1 | 1093.0 |
    Desolation |   1382 |   1382 |      0 |    282 |    506 |   1 | 1382.0 |
               +--------+--------+--------+--------+--------+-----+--------+

Top non-repeatable levels by time:
Vaults:2: 1997 daAuts
 Snake:2: 1884 daAuts
    D:10: 1838 daAuts
    D:15: 1638 daAuts
  Lair:4: 1569 daAuts
Shoals:3: 1528 daAuts
Vaults:1: 1507 daAuts
  Lair:3: 1434 daAuts
  Lair:2: 1423 daAuts
 Snake:4: 1419 daAuts
    D:11: 1411 daAuts
 Snake:1: 1404 daAuts
Desolation: 1382 daAuts
Depths:1: 1345 daAuts
Vaults:3: 1303 daAuts
